 Dungeon Crawl Stone Soup version 0.21.0-24-g2553a33 (webtiles) character file.

315 Coron the Conjurer (level 6, -1/44 HPs)
             Began as a Merfolk Conjurer on Jan 21, 2018.
             Slain by an ice beast (2 damage)
             ... on level 5 of the Dungeon.
             The game lasted 00:17:03 (6783 turns).

Coron the Conjurer (Merfolk Conjurer)               Turns: 6783, Time: 00:17:04

Health: -1/44      AC:  3    Str:  9    XL:     6   Next: 44%
Magic:  3/12       EV: 13    Int: 14    God:
Gold:   205        SH:  0    Dex: 16    Spells: 9/13 levels left

rFire    . . .     SeeInvis .   v - +0 long sword
rCold    . . .     Gourm    .   (no shield)
rNeg     . . .     Faith    .   a - +0 robe
rPois    .         Spirit   .   (no helmet)
rElec    .         Reflect  .   (no cloak)
rCorr    .         Harm     .   (no gloves)
MR       .....                  u - +0 pair of boots
Stlth    ++........             (no amulet)
HPRegen  0.14/turn              n - +3 ring of slaying
MPRegen  0.13/turn              (no ring)

@: no status effects
A: change form in water, swift swim, stealthy swim
a: no special abilities


You were on level 5 of the Dungeon.
You were not hungry.

You visited 1 branch of the dungeon, and saw 5 of its levels.

You collected 254 gold pieces.
You spent 49 gold pieces at shops.

Inventory:

Hand Weapons
 o - a +0 falchion
 t - a +0 blowgun
 v - a +0 long sword (weapon)
Missiles
 s - 16 poisoned needles
Armour
 a - a +0 robe (worn)
 m - a +0 leather armour
 u - a +0 pair of boots (worn)
Jewellery
 h - an uncursed ring of ice
 n - a +3 ring of slaying (left hand)
Wands
 k - a wand of polymorph (26)
Scrolls
 d - 3 scrolls of identify
 e - 2 scrolls of amnesia {unknown}
 j - a scroll of blinking
 p - 2 scrolls of teleportation
 y - a scroll of immolation {unknown}
Potions
 f - 2 potions of agility
 g - 3 potions of heal wounds
 i - a potion of haste
 l - a potion of mutation {unknown}
 q - a potion of curing {unknown}
 r - a potion of magic {unknown}
 w - a potion of lignification {unknown}
Books
 b - a book of Conjurations

   Spells                             Type                      Level
   a - Magic Dart                     Conjuration                  1
   b - Searing Ray                    Conjuration                  2
   c - Dazzling Spray                 Conjuration/Hexes            3
   d - Fulminant Prism                Conjuration/Hexes            4
   e - Force Lance                    Conjuration/Translocation    4
   f - Iskenderun's Mystic Blast      Conjuration                  4
Comestibles
 c - 4 rations


   Skills:
 + Level 2.2 Fighting
 - Level 2.0 Long Blades
 - Level 3.0 Dodging
 - Level 2.1 Stealth
 - Level 4.0 Spellcasting
 - Level 4.0 Conjurations
 + Level 2.1 Hexes


You had 9 spell levels left.
You knew the following spells:

 Your Spells              Type           Power        Failure   Level  Hunger
a - Magic Dart            Conj           ##..         3%          1    None
b - Dazzling Spray        Conj/Hex       ##....       16%         3    ###....


Dungeon Overview and Level Annotations

Branches:
Dungeon (5/15)
 Temple: D:4-7

Altars:
Ashenzari
Kikubaaqudgha
Qazlal

Shops:
D:4 [

Annotations:
D:2 exclusion: skeleton
D:4 LobsterGuardian's ghost, amateur BaFi


Message History

Press: ? - help, Shift-Dir - straight line, f/p - ice beast
Aim: an ice beast (lightly wounded, poisoned)
The spray of energy hits the ice beast.
The ice beast is moderately wounded.
The ice beast is dazzled.
The ice beast barely misses you.
You hit the ice beast.
The ice beast is moderately wounded.
The ice beast hits you.
* * * LOW HITPOINT WARNING * * *
The ice beast freezes you!
* * * LOW HITPOINT WARNING * * *
Casting: Dazzling Spray
Confirm with . or Enter, or press ? or * to list all spells.
Aiming: Dazzling Spray
Press: ? - help, Shift-Dir - straight line, f/p - ice beast
Aim: an ice beast (heavily wounded, poisoned, blind)
The spray of energy hits the ice beast.
The ice beast is heavily wounded.
The ice beast is dazzled.
The ice beast hits you.
You die...

##.########
..........# # #...#
.... ####...####
.....#.........#
#.....@.......#
.....#.Y.......#
....?#..#....###
.....(.......###...
..(#..#..<.......
..(#..#..#.###...
...........#
.($.#####.### ###
#.#


You could see an ice beast (blind).

Vanquished Creatures
  A scorpion (D:4)
  An orc priest (D:3)
  An iguana (D:4)
  A worker ant (D:4)
  9 adders
  2 oozes
  2 worms
  5 dart slugs
  2 leopard geckos
  5 orcs
  3 ball pythons
  7 giant cockroaches
  8 goblins
  9 hobgoblins
  2 jackals (D:2)
  7 kobolds
  7 bats
  A frilled lizard (D:4)
  12 rats
85 creatures vanquished.

Notes
Turn   | Place    | Note
-------+----------+-------------------------------------------
     0 | D:1      | Coron the Merfolk Conjurer began the quest for the Orb.
     0 | D:1      | Reached XP level 1. HP: 13/13 MP: 3/3
   194 | D:1      | Reached skill level 1 in Fighting
   228 | D:1      | Reached XP level 2. HP: 9/21 MP: 1/5
  1076 | D:1      | Reached XP level 3. HP: 27/27 MP: 3/6
  1728 | D:2      | Learned a level 3 spell: Dazzling Spray
  2555 | D:2      | Reached XP level 4. HP: 14/33 MP: 0/8
  2901 | D:3      | Reached skill level 1 in Hexes
  3455 | D:3      | Found a stormy altar of Qazlal.
  3944 | D:3      | Reached XP level 5. HP: 20/38 MP: 1/9
  4802 | D:3      | Found a shattered altar of Ashenzari.
  4872 | D:4      | Reached skill level 1 in Long Blades
  5147 | D:4      | Noticed LobsterGuardian's ghost (amateur BaFi)
  5553 | D:4      | Found Xibb's Armour Shoppe.
  5561 | D:4      | Bought a +0 pair of boots for 49 gold pieces
  5748 | D:4      | Reached XP level 6. HP: 24/44 MP: 5/11
  6669 | D:4      | Found an ancient bone altar of Kikubaaqudgha.
  6759 | D:5      | Entered Level 5 of the Dungeon
  6771 | D:5      | Noticed an ice beast
  6782 | D:5      | HP: 1/44 [ice beast (10)]
  6783 | D:5      | Slain by an ice beast

Skill      XL: |  1  2  3  4  5  6 |
---------------+-------------------+-----
Dodging        | 3 |  3.0
Fighting       | 1 2 |  2.2
Spellcasting   | 3 4 |  4.0
Hexes          | 1 2 |  2.1
Conjurations   | 4 |  4.0
Long Blades    | 2 |  2.0
Stealth        | |  2.1

Action                   |  1- 3 |  4- 6 || total
-------------------------+-------+-------++-------
Melee: Club              |    49 |       ||    49
       Unarmed           |     1 |       ||     1
       Hand axe          |     7 |    39 ||    46
       Falchion          |       |    40 ||    40
       Long sword        |       |    15 ||    15
 Fire: Blowgun           |       |    34 ||    34
 Cast: Magic Dart        |    85 |    85 ||   170
       Dazzling Spray    |       |     7 ||     7
  Use: Scroll            |     4 |     1 ||     5
       Potion            |       |     1 ||     1
 Stab: Sleeping          |     2 |     6 ||     8
       Invisible         |       |     3 ||     3
  Eat: Chunk             |     5 |    16 ||    21
Armor: Robe              |    14 |    28 ||    42
Dodge: Dodged            |    45 |   101 ||   146
       Rpst.: Falchion   |       |    14 ||    14
       Long sword        |       |     2 ||     2
